 Dungeon Crawl Stone Soup version 0.28-b1-25-g9875b3fc8c (webtiles) character file.

Game seed: 2297734980207862357

3584 Armakuni the Arsonist (level 10, -1/74 HPs)
             Began as a Human Cinder Acolyte on Feb 5, 2022.
             Was an Elder of Ignis.
             Slain by a gnoll sergeant (4 damage)
             ... on level 7 of the Dungeon.
             The game lasted 00:24:07 (9372 turns).

Armakuni the Arsonist (Human Cinder Acolyte)        Turns: 9372, Time: 00:24:07

Health: -1/74      AC: 16    Str: 15 (16) XL:     10   Next: 31%
Magic:  3/11       EV: 10    Int: 21 (23) God:    Ignis [****..]
Gold:   916        SH:  0    Dex:  8 (9)  Spells: 1/11 levels left

rFire   + . .      SeeInvis +   a - -1 falchion (flame)
rCold   . . .      Faith    .   (no shield)
rNeg    + . .      Spirit   .   l - +3 scale mail {rN+}
rPois   .          Reflect  .   k - +2 helmet {SInv}
rElec   .          Harm     .   (no cloak)
rCorr   .          Rampage  .   f - +2 pair of gloves
Will    .....                   (no boots)
Stlth   ..........              R - amulet of regeneration
HPRegen 1.02/turn               I - +6 ring of intelligence
MPRegen 0.12/turn               W - ring of wizardry

@: mighty, lethally poisoned (-1 -> -21)
A: no striking features
a: Renounce Religion, Fiery Armour, Foxfire Swarm, Rising Flame


You were on level 7 of the Dungeon.
You worshipped Ignis.
Ignis was greatly pleased with you.
You visited 2 branches of the dungeon, and saw 8 of its levels.

You collected 1228 gold pieces.
You spent 312 gold pieces at shops.

Inventory:

Hand Weapons
 a - a -1 falchion of flaming (weapon)
 b - a +2 whip of electrocution
 g - a +0 long sword
 p - a +0 quarterstaff
Missiles
 c - a throwing net
Armour
 e - +1 fire dragon scales
 f - a +2 pair of gloves (worn)
 k - a +2 helmet of see invisible (worn)
 l - a +3 scale mail of positive energy (worn)
Jewellery
 F - a ring of fire
 I - a +6 ring of intelligence (left hand)
 K - a ring of resist corrosion
 R - an amulet of regeneration (around neck)
 W - a ring of wizardry (right hand)
Scrolls
 h - 2 scrolls of magic mapping
 m - 2 scrolls of vulnerability
 r - a scroll of identify
Potions
 i - a potion of cancellation
 j - a potion of brilliance
 o - a potion of lignification {unknown}
 q - a potion of heal wounds {unknown}
 s - a potion of ambrosia {unknown}


   Skills:
 - Level 5.5 Fighting
 - Level 5.0 Long Blades
 - Level 5.0 Armour
 - Level 5.0 Dodging
 - Level 1.0 Spellcasting
 + Level 4.2 Conjurations
 - Level 10.0 Fire Magic


You had one spell level left.
You knew the following spells:

 Your Spells              Type           Power      Damage    Failure   Level
m - Iskenderun's Mystic   Conj/Tloc      9%         2d4       65%         4
s - Sticky Flame          Conj/Fire      30%        2d5       12%         4
z - Scorch                Fire           86%        2d9       1%          2

Your spell library contained the following spells:

 Spells                   Type           Power      Damage    Failure   Level
 Sting                    Tmut/Pois      4%         1d3       22%         1
 Static Discharge         Conj/Air       9%         N/A       16%         2
 Ignite Poison            Fire/Tmut/Pois 15%        N/A       17%         3
 Poisonous Vapours        Pois/Air       2%         N/A       32%         2
 Sublimation of Blood     Necr           1%         N/A       32%         2
 Gell's Gravitas          Tloc           1%         N/A       52%         3
 Lesser Beckoning         Tloc           1%         N/A       52%         3
 Teleport Other           Tloc           1%         N/A       52%         3
 Fulminant Prism          Conj/Hex       4%         3d6       65%         4
 Iskenderun's Battlesphe  Conj           18%        2d7       69%         5
 Dispel Undead            Necr           1%         3d6       89%         4
 Olgreb's Toxic Radiance  Pois           1%         N/A       89%         4
 Petrify                  Tmut/Erth      1%         N/A       89%         4
 Irradiate                Conj/Tmut      4%         3d15      92%         5
 Conjure Ball Lightning   Conj/Air       4%         3x3d6     100%        6
 Discord                  Hex            0%         N/A       100%        8
 Disjunction              Tloc           0%         N/A       100%        8


Dungeon Overview and Level Annotations

Branches:
Dungeon (7/15)             Temple (1/1) D:6

Altars:
Ashenzari
Cheibriados
Dithmenos
Elyvilon
Fedhas
Gozag
Hepliaklqana
Kikubaaqudgha
Makhleb
Nemelex Xobeh
Okawaru
Qazlal
Ru
Sif Muna
Trog
Uskayaw
Vehumet
Wu Jian
Xom
Yredelemnul
Zin

Shops:
D:7 :


Message History

The gnoll sergeant is heavily wounded.
The gnoll sergeant's fire resistance burns away.
You feel very sick. The gnoll sergeant barely misses you.
Unknown command.
You hit the gnoll sergeant but do no damage.
The gnoll sergeant is heavily wounded.
You feel very sick.
The gnoll sergeant hits you but does no damage.
You are more poisoned.
Okay, then.
You feel very sick.
The gnoll sergeant hits you but does no damage.
You are more poisoned.
You feel very sick.
Your magical contamination has completely faded away.
You feel very sick.
The gnoll sergeant hits you from afar with a +0 spear of venom.
You are more poisoned.
You feel very sick.
You feel very sick.
The gnoll sergeant hits you from afar with a +0 spear of venom!
* * * LOW HITPOINT WARNING * * *
You are lethally poisoned!
Okay, then.
Okay, then.
Okay, then.
It was a potion of might.
You feel very mighty all of a sudden.
* * * LOW HITPOINT WARNING * * *
You feel extremely sick.
The gnoll sergeant hits you but does no damage.
You are more poisoned.
It was a potion of degeneration.
There was something very wrong with that liquid.
You feel weakened.
You feel dopey.
You feel clumsy.
* * * LOW HITPOINT WARNING * * *
You feel extremely sick.
The gnoll sergeant hits you from afar with a +0 spear of venom.
You die...

............#
.............#...
..)........##
............##..
.......####.#
#..........####.
..###### #..# ##..#
##.... ## ..#
#..###...######## #
..# #..#.........#
..# #......##...# #
..# ##....####..###
### ..#
##.@.##..##...####..
..#
#....##..##.........
###
#....g#''#.......##.
#............#.#####
##.........#####
##.......##
##...#### #####


You could see a gnoll sergeant.

Vanquished Creatures
  Grinder (D:3)
  Sigmund (D:2)
  3 water moccasins
  2 black bears
  2 ice beasts
  A sky beast (D:6)
  2 necrophages
  An orc warrior (D:6)
  3 ogres
  A phantom (D:4)
  A kobold brigand (D:7)
  Blork the orc (D:4)
  2 bullfrogs
  7 scorpions
  2 gnoll sergeants (D:7)
  A water moccasin skeleton (D:5)
  A howler monkey (D:6)
  A bullfrog zombie (D:6)
  5 hounds
  2 bullfrog skeletons (D:5)
  2 centaur zombies
  A jelly (D:7)
  2 gnoll shamans
  2 orc priests
  2 iguanas
  4 orc wizards
  A hound zombie (D:4)
  3 hound skeletons
  Robin (D:2)
  11 gnolls
  9 adders
  2 white imps (D:6)
  2 ufetubi
  An adder skeleton (D:4)
  3 worms
  3 dart slugs
  12 orcs
  4 endoplasms
  4 giant cockroaches
  12 goblins
  10 hobgoblins
  4 jackals
  2 quokkas (D:1)
  8 ball pythons
  8 bats
  4 frilled lizards
  10 kobolds
  4 rats
171 creatures vanquished.

Vanquished Creatures (others)
  10 foxfires (D:3)
  4 toadstools (D:6)
14 creatures vanquished.

Grand Total: 185 creatures vanquished

Notes
Turn   | Place    | Note
-------+----------+-------------------------------------------
     0 | D:1      | Armakuni the Human Cinder Acolyte began the quest for the
                  | Orb.
     0 | D:1      | Reached XP level 1. HP: 18/18 MP: 2/2
   167 | D:1      | Reached XP level 2. HP: 20/24 MP: 3/3
   719 | D:1      | Learned a level 2 spell: Scorch
   794 | D:1      | Reached XP level 3. HP: 28/29 MP: 4/4
  1868 | D:2      | Reached XP level 4. HP: 24/36 MP: 5/5
  1933 | D:2      | Noticed Robin
  1966 | D:2      | Killed Robin
  2095 | D:2      | Noticed Sigmund
  2132 | D:2      | Killed Sigmund
  2133 | D:2      | Reached skill level 4 in Fire Magic
  2133 | D:2      | Reached XP level 5. HP: 20/43 MP: 6/6
  2133 | D:2      | Reached XP level 6. HP: 23/49 MP: 7/7
  2342 | D:2      | Found a faded altar of an unknown god.
  2711 | D:3      | Noticed Grinder
  2718 | D:3      | Paralysed by Grinder for 3 turns
  2739 | D:3      | Killed Grinder
  2740 | D:3      | Reached skill level 5 in Fighting
  2740 | D:3      | Reached skill level 5 in Long Blades
  2740 | D:3      | Reached skill level 5 in Fire Magic
  2740 | D:3      | Reached XP level 7. HP: 16/56 MP: 8/8
  3881 | D:4      | Reached skill level 1 in Armour
  3952 | D:3      | Reached skill level 1 in Dodging
  4147 | D:3      | Reached XP level 8. HP: 37/63 MP: 0/9
  4258 | D:4      | Noticed Blork the orc
  4265 | D:4      | Killed Blork the orc
  4530 | D:4      | Reached skill level 6 in Fire Magic
  4934 | D:5      | Entered Level 5 of the Dungeon
  4997 | D:5      | Identified the +3 leather armour of Fedhas's Supremacy
                  | {MP+9 Dex-2 Slay+2}
  4998 | D:5      | Identified a scroll of acquirement
  4998 | D:5      | Acquired 862 gold pieces
  5467 | D:5      | Reached XP level 9. HP: 65/68 MP: 7/10
  5664 | D:4      | Reached skill level 7 in Fire Magic
  6346 | D:6      | Reached skill level 5 in Armour
  6346 | D:6      | Reached skill level 5 in Dodging
  6550 | D:6      | Reached skill level 8 in Fire Magic
  6748 | D:6      | Got the Reference Book on Flamy Conjuration
  6813 | D:6      | Reached skill level 9 in Fire Magic
  7091 | D:6      | You fall into a shaft and drop 1 floor!
  7091 | D:7      | Found Umenle's Book Boutique.
  7154 | D:6      | Reached XP level 10. HP: 72/74 MP: 3/11
  7241 | D:7      | Learned a level 4 spell: Iskenderun's Mystic Blast
  7498 | D:7      | Reached skill level 10 in Fire Magic
  7683 | D:7      | Bought a book of Touch for 312 gold pieces
  7688 | D:7      | Learned a level 4 spell: Sticky Flame
  7733 | D:6      | Reached skill level 1 in Conjurations
  8302 | D:6      | Found a staircase to the Ecumenical Temple.
  8311 | Temple   | Entered the Ecumenical Temple
  9372 | D:7      | HP: 3/74 [poisoned by a gnoll sergeant]
  9372 | D:7      | Slain by a gnoll sergeant

Illustrated notes

Levels and vault maps discovered:
D:1:      minmay_arrival_plants_in_alcoves, layout_loops_ring
D:2:      layout_basic, nicolae_ecumenical_pavilion, kennysheep_potato,
          uniq_sigmund, uniq_robin
D:3:      layout_loops_ring, minmay_unequal, uniq_grinder
D:4:      layout_rooms, uniq_blork_the_orc
D:5:      layout_basic, serial_rivers, chequers_serial_rivers_small_b,
          chequers_serial_rivers_marsh, chequers_serial_rivers_marsh,
          chequers_serial_rivers_small_a, chequers_serial_rivers_room_b
D:6:      layout_loops_ring, minmay_temple_entry_poolview,
          minmay_gold_behind_fungi, minivault_23,
          nicolae_elevator_lobby_asterisk
D:7:      layout_cave_pods, serial_gnoll_camp, gnoll_camp_mini_basic,
          gnoll_camp_mini_hut, gnoll_camp_mini_basic, gnoll_camp_mini_house,
          gnoll_camp_mini_shop
Temple:   mainiacjoe_temple_circle_huts

Skill      XL: |  1  2  3  4  5  6  7  8  9 10 |
---------------+-------------------------------+-----
Fighting       | 4 5 |  5.5
Long Blades    | 4 5 |  5.0
Fire Magic     | 4 5 6 9 10 | 10.0
Armour         | 1 3 5 |  5.0
Dodging        | 1 3 5 |  5.0
Conjurations   | 4 |  4.2
Spellcasting   | |  1.0

Action                   |  1- 3 |  4- 6 |  7- 9 | 10-12 || total
-------------------------+-------+-------+-------+-------++-------
Melee: Falchion          |   112 |   105 |   220 |    82 ||   519
       Punch             |       |     1 |     4 |     1 ||     6
 Cast: Scorch            |       |    11 |   118 |    26 ||   155
       Sticky Flame      |       |       |       |     9 ||     9
Invok: Fiery Armour      |       |     3 |       |       ||     3
       Foxfire Swarm     |       |       |     1 |       ||     1
  Use: Scroll            |     5 |     2 |     3 |       ||    10
       Potion            |       |     1 |     1 |     2 ||     4
Armor: Leather armour    |    47 |    23 |       |       ||    70
       Robe              |       |    28 |    46 |       ||    74
       Scale mail        |       |       |   120 |    62 ||   182
Dodge: Dodged            |    48 |    58 |   160 |    60 ||   326
